 Dungeon Crawl Stone Soup version 0.29.0-4-gdea44cf6ec (webtiles) character file.

Game seed: 2422403496905610600

22490 qw the Brawler (level 12, 0/118 HPs)
             Began as a Troll Cinder Acolyte on Sept 1, 2022.
             Was a Priest of Okawaru.
             Slain by a yak (7 damage)
             ... while petrified by a basilisk
             ... on level 5 of the Lair of Beasts.
             The game lasted 00:06:50 (11382 turns).

qw the Brawler (Troll Cinder Acolyte)              Turns: 11382, Time: 00:06:51

Health: 0/118      AC:  5    Str: 29    XL:     12   Next: 63%
Magic:  14/14      EV:  1    Int: 10    God:    Okawaru [***...]
Gold:   557        SH:  0    Dex:  5    Spells: 13/13 levels left

rFire   . . .      SeeInvis +     - Unarmed
rCold   . . .      Faith    .   (no shield)
rNeg    + + +      Spirit   .   c - +1 robe of Vines {NoPotionHeal Regen++++}
rPois   inf        Reflect  .   (helmet restricted)
rElec   .          Harm     .   (no cloak)
rCorr   .          Rampage  .   (gloves unavailable)
Will    .....                   (boots unavailable)
Stlth   ++........              (no amulet)
HPRegen 4.29/turn               j - ring of see invisible
MPRegen 0.14/turn               (no ring)

@: petrified, heroic, fire susceptible
A: large, unfitting armour, claws 3, regeneration 1, shaggy fur 1, tough skin 1
a: Renounce Religion, Heroism


You were on level 5 of the Lair of Beasts.
You worshipped Okawaru.
Okawaru was most pleased with you.
You visited 2 branches of the dungeon, and saw 13 of its levels.

You collected 812 gold pieces.
You spent 255 gold pieces at shops.


Innate Abilities, Weirdness & Mutations

You are too large for most types of armour.
You have claws for hands.
Your natural rate of healing is unusually fast.
You are covered in fur. (AC +1)
You have tough skin. (AC +1)


   Skills:
 - Level 7.1(12.1) Fighting
 - Level 7.0(12.0) Throwing
 - Level 2.6(7.6) Dodging
 + Level 17.3(22.3) Unarmed Combat
 - Level 1.0 Spellcasting
 - Level 2.1 Fire Magic
 - Level 4.0 Invocations


You had 13 spell levels left.
You didn't know any spells.
Your spell library contained the following spells:

 Spells                   Type           Power      Damage    Failure   Level
 Scorch                   Fire           8%         2d5       22%         2

Inventory:

Missiles
 a - 6 boomerangs (quivered)
Armour
 c - the +1 robe of Vines (worn) {NoPotionHeal Regen++++}
   (You acquired it on level 4 of the Dungeon)

   Its wearer cannot be healed by potions.
   Regen:     It increases your rate of health regeneration.
Jewellery
 d - a ring of ice
 h - a ring of fire
 j - a ring of see invisible (left claw)
 m - a ring of ice
Scrolls
 f - 10 scrolls of identify
 n - a scroll of enchant weapon
 o - a scroll of enchant armour
Potions
 b - 9 potions of curing
 e - 2 potions of mutation
 g - 3 potions of might
 i - 2 potions of cancellation
 l - 4 potions of heal wounds

Dungeon Overview and Level Annotations

Branches:
Dungeon (8/15)             Temple (0/1) D:6            Lair (5/5) D:8
 Shoals (0/4) Lair:3       Spider (0/4) Lair:2
  Slime: Lair:4-5

Altars:
Ashenzari
Cheibriados
Elyvilon
Fedhas
Gozag
Nemelex Xobeh
Okawaru
Qazlal
Ru
Zin
The Shining One

Shops:
D:1 (   D:4 *   D:5 ![


Message History

Found 23 gold pieces.
11371 ||| Stepping ~*~*~tactically~*~*~ (outnumbered).
The basilisk hisses angrily.
A nearby plant withers and dies.
You mangle the yak!! You claw the yak, but do no damage.
The yak is severely wounded.
11373 ||| Stepping ~*~*~tactically~*~*~ (outnumbered).
The yak attacks as you move away! The yak misses you.
The basilisk gazes at you.
You are slowing down.
11374 ||| DRINKING 3 potions of cancellation.
You feel limber!
You feel magically purged.
A nearby plant withers and dies.
The yak gores you! The basilisk gazes at you.
You are slowing down.
The tyrant leech bites you!
The tyrant leech draws strength from your injuries!
The yak gores you! The basilisk gazes at you.
Your limbs have turned to stone.
The yak gores you!
You have turned to stone.
The yak gores you! The yak gores you. The basilisk gazes at you.
The yak gores you! The tyrant leech bites you! The yak gores you!
The yak gores you but does no damage. x2
The tyrant leech bites you!!
The yak gores you. x2; The yak barely misses you.
The yak gores you! The tyrant leech bites you!
The yak gores you but does no damage. The yak completely misses you.
The yak barely misses you. The yak gores you! The tyrant leech bites you!
The yak gores you. The yak gores you! x3
The basilisk bites you! The yak gores you. The yak gores you! x2
The basilisk gazes at you. You resist with some effort.
The yak gores you but does no damage. The tyrant leech bites you.
The yak gores you! The basilisk bites you!
The yak gores you but does no damage. The yak gores you! x2
The tyrant leech bites you but does no damage.
The yak gores you but does no damage. The yak gores you! x2
You die...

~~ #~~~~~~~~~~P~..#
~~~~###~P~~~~~~~P...#
~~~~#~P~P~~~~.~.....# .
~~~~P~~P~~..~....P.# ..
.~~~~~~..~........# #..
.~.~....~...~.....###...
##..P~P.................
......YwY...............
......l@Y...........#...
........Y...............
~~......................
7~..................<...
7~$.....................
7~......................
7~......................
7~......................
.............


You could see a tyrant leech, 4 yaks and a basilisk.

Vanquished Creatures
  A boulder beetle (Lair:4)
  4 hydras
  Fannar (Lair:1)
  4 death yaks (Lair:3)
  Nergalle (Lair:2)
  An orb spider (Lair:2)
  3 torpor snails
  2 black mambas (Lair:2)
  7 cane toads
  A rime drake (Lair:3)
  3 komodo dragons
  A troll (D:8)
  A merfolk (Lair:3)
  Grinder (D:6)
  4 dream sheep (Lair:1)
  23 yaks
  Sigmund (D:3)
  2 wyverns
  Eustachio (D:5)
  Grum (D:8)
  9 fire elementals (Lair:4)
  3 steam dragons
  An acid dragon (D:8)
  6 water moccasins
  2 orc warriors
  Pargi (D:3)
  2 ice beasts (D:5)
  4 black bears
  2 ogres
  4 wolves (D:8)
  2 centaurs
  A phantom (D:6)
  3 kobold brigands
  8 bullfrogs
  2 necrophages (D:8)
  2 scorpions (D:5)
  A water moccasin zombie (D:4)
  8 wights (D:8)
  4 electric eels (D:8)
  A bullfrog zombie (D:4)
  4 jellies
  5 orc priests
  7 hounds
  A gnoll bouda (D:7)
  3 iguanas
  Ijyb (D:3)
  12 orc wizards
  Natasha (D:3)
  A scorpion zombie (D:4)
  3 hound zombies (D:4)
  4 gnolls (D:3)
  2 adders
  3 worms (D:3)
  5 dart slugs
  35 orcs
  5 endoplasms
  13 giant cockroaches
  8 goblins
  14 hobgoblins
  9 kobolds
  4 quokkas
  7 ball pythons
  7 bats
  3 frilled lizards
  6 rats
292 creatures vanquished.

Vanquished Creatures (others)
  An orc wizard (D:5)
  4 fungi
  6 plants
11 creatures vanquished.

Grand Total: 303 creatures vanquished

Notes
Turn   | Place    | Note
-------+----------+-------------------------------------------
     0 | D:1      | qw the Troll Cinder Acolyte began the quest for the Orb.
     0 | D:1      | Reached XP level 1. HP: 22/22 MP: 1/1
     0 | D:1      | 0 ||| qw: Version: 0.1-a-97-g2dd2ca4
     0 | D:1      | 0 ||| qw: Game counter: 4829
     0 | D:1      | 0 ||| qw: Always use a shield: true
     0 | D:1      | 0 ||| qw: God list: Okawaru
     0 | D:1      | 0 ||| qw: Allow faded altars: false
     0 | D:1      | 0 ||| qw: Do Orc after D:15 true
     0 | D:1      | 0 ||| qw: Do second Lair branch before Depths: true
     0 | D:1      | 0 ||| qw: Lair rune preference: random
     0 | D:1      | 0 ||| qw: Plans: Normal
     0 | D:1      | 0 ||| PLANNING D:1-11
   179 | D:1      | Reached XP level 2. HP: 29/29 MP: 2/2
   396 | D:1      | Reached skill level 4 in Unarmed Combat
   465 | D:1      | 465 ||| Stepping ~*~*~tactically~*~*~ (stealth).
   467 | D:1      | 467 ||| Stepping ~*~*~tactically~*~*~ (stealth).
   468 | D:1      | 468 ||| Stepping ~*~*~tactically~*~*~ (stealth).
   470 | D:1      | 470 ||| Stepping ~*~*~tactically~*~*~ (stealth).
   473 | D:1      | 473 ||| Stepping ~*~*~tactically~*~*~ (stealth).
   474 | D:1      | 474 ||| Stepping ~*~*~tactically~*~*~ (stealth).
   567 | D:1      | 567 ||| Stepping ~*~*~tactically~*~*~ (outnumbered).
   597 | D:1      | Reached XP level 3. HP: 36/36 MP: 3/3
   702 | D:1      | Found Bigh's Weapon Shoppe.
   948 | D:1      | 948 ||| READING scroll labelled CAEMNO GAOSAY.
   949 | D:1      | 949 ||| READING scroll labelled SINTOGOFUM.
   950 | D:1      | 950 ||| READING scroll labelled IMIACI CEBBID.
  1076 | D:2      | 1076 ||| Stepping ~*~*~tactically~*~*~ (stealth).
  1251 | D:2      | 1251 ||| Stepping ~*~*~tactically~*~*~ (stealth).
  1254 | D:2      | 1254 ||| Stepping ~*~*~tactically~*~*~ (stealth).
  1683 | D:2      | 1683 ||| Stepping ~*~*~tactically~*~*~ (hiding).
  1926 | D:2      | 1926 ||| Stepping ~*~*~tactically~*~*~ (stealth).
  1933 | D:2      | 1933 ||| Stepping ~*~*~tactically~*~*~ (stealth).
  1935 | D:2      | 1935 ||| INVOKING Fiery Armour.
  1936 | D:2      | 1936 ||| Stepping ~*~*~tactically~*~*~ (outnumbered).
  1948 | D:2      | Reached XP level 4. HP: 44/44 MP: 4/4
  1972 | D:2      | 1972 ||| READING 3 scrolls labelled XAUMYSIUWNO.
  1973 | D:2      | 1973 ||| READING scroll labelled PEYSOS KUVYEV.
  2074 | D:2      | 2074 ||| READING scroll labelled HULIFU NALINA.
  2096 | D:2      | 2096 ||| READING scroll labelled TOGIUFAXEO.
  2097 | D:2      | 2097 ||| READING 2 scrolls labelled LIMUANN NEYKOICVI.
  2098 | D:2      | 2098 ||| DROPPING 2 scrolls of noise.
  2144 | D:3      | Reached skill level 5 in Unarmed Combat
  2247 | D:3      | 2247 ||| Stepping ~*~*~tactically~*~*~ (stealth).
  2258 | D:3      | 2258 ||| INVOKING Fiery Armour.
  2262 | D:3      | 2262 ||| Stepping ~*~*~tactically~*~*~ (stealth).
  2263 | D:3      | 2263 ||| Stepping ~*~*~tactically~*~*~ (stealth).
  2295 | D:3      | Reached XP level 5. HP: 50/50 MP: 5/5
  2312 | D:3      | Noticed a steam dragon
  2313 | D:3      | 2313 ||| Stepping ~*~*~tactically~*~*~ (hiding).
  2316 | D:3      | Killed a steam dragon
  2317 | D:3      | Reached skill level 6 in Unarmed Combat
  2326 | D:3      | Reached XP level 6. HP: 56/59 MP: 6/6
  2386 | D:3      | Noticed Ijyb
  2398 | D:3      | Killed Ijyb
  2399 | D:3      | Reached skill level 7 in Unarmed Combat
  2430 | D:3      | 2430 ||| Stepping ~*~*~tactically~*~*~ (stealth).
  2434 | D:3      | 2434 ||| INVOKING Fiery Armour.
  2488 | D:3      | Found a stormy altar of Qazlal.
  2656 | D:3      | Noticed Pargi
  2667 | D:3      | Killed Pargi
  2751 | D:3      | Found a sparkling altar of Nemelex Xobeh.
  2752 | D:3      | Noticed Sigmund
  2759 | D:3      | 2759 ||| FLEEEEING.
  2760 | D:3      | 2760 ||| FLEEEEING.
  2767 | D:3      | 2767 ||| STAIRDANCE
  2778 | D:2      | 2778 ||| READING scroll labelled SAULY ISHRECY.
  2782 | D:2      | 2782 ||| DRINKING 4 white potions.
  2783 | D:2      | 2783 ||| DRINKING 3 fuming ruby potions.
  2784 | D:2      | 2784 ||| READING 2 scrolls of identify.
  2784 | D:2      | 2784 ||| IDENTIFYING purple potion
  2785 | D:2      | 2785 ||| DROPPING potion of berserk rage.
  2786 | D:2      | 2786 ||| DROPPING 3 potions of brilliance.
  2842 | D:3      | 2842 ||| Stepping ~*~*~tactically~*~*~ (hiding).
  2872 | D:3      | Killed Sigmund
  2873 | D:3      | Reached skill level 8 in Unarmed Combat
  2873 | D:3      | Reached XP level 7. HP: 33/66 MP: 7/7
  2873 | D:3      | 2873 ||| INVOKING Fiery Armour.
  2956 | D:3      | Noticed Natasha
  2957 | D:3      | Killed Natasha
  3106 | D:4      | 3106 ||| Stepping ~*~*~tactically~*~*~ (outnumbered).
  3107 | D:4      | 3107 ||| Stepping ~*~*~tactically~*~*~ (outnumbered).
  3109 | D:4      | 3109 ||| Stepping ~*~*~tactically~*~*~ (outnumbered).
  3110 | D:4      | 3110 ||| Stepping ~*~*~tactically~*~*~ (outnumbered).
  3111 | D:4      | 3111 ||| Stepping ~*~*~tactically~*~*~ (outnumbered).
  3112 | D:4      | 3112 ||| Stepping ~*~*~tactically~*~*~ (outnumbered).
  3113 | D:4      | 3113 ||| Stepping ~*~*~tactically~*~*~ (outnumbered).
  3114 | D:4      | 3114 ||| Stepping ~*~*~tactically~*~*~ (outnumbered).
  3115 | D:4      | 3115 ||| Stepping ~*~*~tactically~*~*~ (outnumbered).
  3116 | D:4      | 3116 ||| Stepping ~*~*~tactically~*~*~ (outnumbered).
  3117 | D:4      | 3117 ||| Stepping ~*~*~tactically~*~*~ (outnumbered).
  3118 | D:4      | 3118 ||| Stepping ~*~*~tactically~*~*~ (outnumbered).
  3119 | D:4      | 3119 ||| Stepping ~*~*~tactically~*~*~ (outnumbered).
  3120 | D:4      | 3120 ||| Stepping ~*~*~tactically~*~*~ (outnumbered).
  3121 | D:4      | 3121 ||| Stepping ~*~*~tactically~*~*~ (outnumbered).
  3122 | D:4      | 3122 ||| Stepping ~*~*~tactically~*~*~ (outnumbered).
  3123 | D:4      | 3123 ||| Stepping ~*~*~tactically~*~*~ (outnumbered).
  3124 | D:4      | 3124 ||| Stepping ~*~*~tactically~*~*~ (outnumbered).
  3125 | D:4      | 3125 ||| Stepping ~*~*~tactically~*~*~ (outnumbered).
  3129 | D:4      | 3129 ||| Stepping ~*~*~tactically~*~*~ (stealth).
  3232 | D:4      | Found Zitao's Fire Supplies.
  3239 | D:4      | Reached skill level 3 in Fighting
  3296 | D:4      | 3296 ||| Stepping ~*~*~tactically~*~*~ (stealth).
  3450 | D:4      | Found a glowing golden altar of the Shining One.
  3450 | D:4      | Found a white marble altar of Elyvilon.
  3450 | D:4      | Found a glowing silver altar of Zin.
  3735 | D:4      | Reached skill level 9 in Unarmed Combat
  3763 | D:4      | 3763 ||| Stepping ~*~*~tactically~*~*~ (outnumbered).
  3764 | D:4      | 3764 ||| Stepping ~*~*~tactically~*~*~ (outnumbered).
  3765 | D:4      | 3765 ||| Stepping ~*~*~tactically~*~*~ (outnumbered).
  3766 | D:4      | 3766 ||| Stepping ~*~*~tactically~*~*~ (outnumbered).
  3767 | D:4      | 3767 ||| STAIRDANCE
  3778 | D:3      | 3778 ||| DRINKING 2 ruby potions.
  3779 | D:3      | 3779 ||| READING 2 scrolls of identify.
  3779 | D:3      | 3779 ||| IDENTIFYING emerald potion
  3780 | D:3      | 3780 ||| DROPPING potion of invisibility.
  3783 | D:4      | 3783 ||| STAIRDANCE
  3804 | D:4      | 3804 ||| STAIRDANCE
  3814 | D:4      | 3814 ||| STAIRDANCE
  3830 | D:4      | 3830 ||| STAIRDANCE
  3840 | D:4      | 3840 ||| STAIRDANCE
  3858 | D:4      | 3858 ||| STAIRDANCE
  3871 | D:4      | Reached skill level 1 in Dodging
  4232 | D:4      | 4232 ||| READING scroll labelled YTWURH XOPEE.
  4232 | D:4      | Identified a scroll of acquirement
  4232 | D:4      | 4232 ||| ACQUIRING +1 robe of Vines {NoPotionHeal
                  | Regen++++}
  4232 | D:4      | Acquired the +1 robe of Vines {NoPotionHeal Regen++++}
  4232 | D:4      | Found the +1 robe of Vines {NoPotionHeal Regen++++}
  4234 | D:4      | 4234 ||| UPGRADING to +1 robe of Vines {NoPotionHeal
                  | Regen++++}.
  4244 | D:4      | 4244 ||| DROPPING +0 robe.
  4245 | D:4      | 4245 ||| DRINKING 2 dark potions.
  4246 | D:4      | 4246 ||| READING 2 scrolls of identify.
  4246 | D:4      | 4246 ||| IDENTIFYING fizzy black potion
  4256 | D:5      | Entered Level 5 of the Dungeon
  4259 | D:5      | Found Arhaemn's Armour Emporium.
  4269 | D:5      | 4269 ||| Stepping ~*~*~tactically~*~*~ (stealth).
  4271 | D:5      | 4271 ||| Stepping ~*~*~tactically~*~*~ (stealth).
  4273 | D:5      | 4273 ||| Stepping ~*~*~tactically~*~*~ (hiding).
  4285 | D:5      | Reached XP level 8. HP: 69/75 MP: 8/8
  4305 | D:5      | 4305 ||| DRINKING 3 potions of curing.
  4305 | D:5      | 4305 ||| (to cure confusion)
  4320 | D:5      | Reached skill level 1 in Throwing
  4356 | D:5      | Found an opulent altar of Gozag.
  4374 | D:5      | Found Jaupsopn's Distillery.
  4384 | D:5      | 4384 ||| BUYING 2 potions of might (120 gold).
  4384 | D:5      | Bought 2 potions of might for 120 gold pieces
  4384 | D:5      | 4384 ||| BUYING potion of curing (45 gold).
  4384 | D:5      | Bought a potion of curing for 45 gold pieces
  4384 | D:5      | 4384 ||| BUYING potion of curing (45 gold).
  4384 | D:5      | Bought a potion of curing for 45 gold pieces
  4384 | D:5      | 4384 ||| BUYING potion of curing (45 gold).
  4384 | D:5      | Bought a potion of curing for 45 gold pieces
  4384 | D:5      | 4384 ||| SHOPLISTING potion of haste (150 gold, have 57).
  4514 | D:5      | 4514 ||| Stepping ~*~*~tactically~*~*~ (stealth).
  4518 | D:5      | 4518 ||| Stepping ~*~*~tactically~*~*~ (stealth).
  4528 | D:5      | 4528 ||| DRINKING 5 potions of curing.
  4528 | D:5      | 4528 ||| (to cure confusion)
  4604 | D:5      | Noticed Eustachio
  4608 | D:5      | 4608 ||| Stepping ~*~*~tactically~*~*~ (hiding).
  4613 | D:5      | 4613 ||| Stepping ~*~*~tactically~*~*~ (outnumbered).
  4626 | D:5      | 4626 ||| Stepping ~*~*~tactically~*~*~ (outnumbered).
  4634 | D:5      | 4634 ||| INVOKING Fiery Armour.
  4635 | D:5      | 4635 ||| Stepping ~*~*~tactically~*~*~ (outnumbered).
  4647 | D:5      | 4647 ||| Stepping ~*~*~tactically~*~*~ (outnumbered).
  4651 | D:5      | Killed Eustachio
  4652 | D:5      | Reached skill level 10 in Unarmed Combat
  4669 | D:5      | Found an iron altar of Okawaru.
  4696 | D:5      | 4696 ||| Stepping ~*~*~tactically~*~*~ (hiding).
  4698 | D:5      | 4698 ||| Stepping ~*~*~tactically~*~*~ (hiding).
  4843 | D:5      | 4843 ||| Stepping ~*~*~tactically~*~*~ (hiding).
  5385 | D:5      | Reached skill level 3 in Throwing
  5519 | D:5      | 5519 ||| READING scroll labelled TIYTTU PEEXY.
  5520 | D:5      | 5520 ||| READING scroll labelled IRIWKU DINYXA.
  5521 | D:5      | 5521 ||| READING 2 scrolls labelled MENEOF DIEJI.
  5522 | D:5      | 5522 ||| READING 3 scrolls of identify.
  5522 | D:5      | 5522 ||| IDENTIFYING blue potion
  5523 | D:5      | 5523 ||| DROPPING potion of ambrosia.
  5524 | D:5      | 5524 ||| DROPPING scroll of poison.
  5525 | D:5      | 5525 ||| READING scroll of teleportation.
  5713 | D:6      | 5713 ||| Stepping ~*~*~tactically~*~*~ (stealth).
  5714 | D:6      | 5714 ||| Stepping ~*~*~tactically~*~*~ (stealth).
  5739 | D:6      | Identified the +5 dagger "Biuluo Rilett" {vamp, Str+3}
  5795 | D:6      | Noticed Grinder
  5811 | D:6      | Killed Grinder
  5812 | D:6      | Reached XP level 9. HP: 72/84 MP: 9/9
  5894 | D:6      | Found a sacrificial altar of Ru.
  5982 | D:6      | Found a staircase to the Ecumenical Temple.
  6236 | D:6      | 6236 ||| READING 6 scrolls of identify.
  6236 | D:6      | 6236 ||| IDENTIFYING green potion
  6237 | D:6      | 6237 ||| DROPPING potion of attraction.
  6286 | D:7      | Found a snail-covered altar of Cheibriados.
  6345 | D:7      | 6345 ||| INVOKING Fiery Armour.
  6348 | D:7      | 6348 ||| Stepping ~*~*~tactically~*~*~ (outnumbered).
  6349 | D:7      | Reached skill level 11 in Unarmed Combat
  6349 | D:7      | 6349 ||| Stepping ~*~*~tactically~*~*~ (hiding).
  6357 | D:7      | 6357 ||| Stepping ~*~*~tactically~*~*~ (outnumbered).
  6404 | D:7      | 6404 ||| Stepping ~*~*~tactically~*~*~ (stealth).
  6405 | D:7      | 6405 ||| Stepping ~*~*~tactically~*~*~ (stealth).
  6501 | D:7      | 6501 ||| INVOKING Fiery Armour.
  6508 | D:7      | 6508 ||| Stepping ~*~*~tactically~*~*~ (stealth).
  6516 | D:7      | 6516 ||| Stepping ~*~*~tactically~*~*~ (hiding).
  6517 | D:7      | 6517 ||| Stepping ~*~*~tactically~*~*~ (hiding).
  6572 | D:7      | 6572 ||| Stepping ~*~*~tactically~*~*~ (hiding).
  6577 | D:7      | Reached skill level 12 in Unarmed Combat
  6808 | D:7      | Found a broken altar of Ashenzari.
  7114 | D:7      | 7114 ||| UPGRADING to ring of see invisible.
  7115 | D:7      | 7115 ||| READING scroll labelled FUOTE XUODATOI.
  7116 | D:7      | 7116 ||| READING 8 scrolls of identify.
  7116 | D:7      | 7116 ||| IDENTIFYING fizzy emerald potion
  7117 | D:7      | 7117 ||| READING 7 scrolls of identify.
  7117 | D:7      | 7117 ||| IDENTIFYING amethyst potion
  7118 | D:7      | 7118 ||| DROPPING potion of lignification.
  7167 | D:8      | 7167 ||| Stepping ~*~*~tactically~*~*~ (stealth).
  7174 | D:8      | 7174 ||| Stepping ~*~*~tactically~*~*~ (stealth).
  7178 | D:8      | 7178 ||| Stepping ~*~*~tactically~*~*~ (stealth).
  7180 | D:8      | 7180 ||| Stepping ~*~*~tactically~*~*~ (hiding).
  7194 | D:8      | Noticed a troll
  7194 | D:8      | 7194 ||| Stepping ~*~*~tactically~*~*~ (stealth).
  7201 | D:8      | 7201 ||| DRINKING 8 potions of curing.
  7201 | D:8      | 7201 ||| (to cure confusion)
  7207 | D:8      | 7207 ||| INVOKING Fiery Armour.
  7208 | D:8      | 7208 ||| Stepping ~*~*~tactically~*~*~ (stealth).
  7208 | D:8      | Killed a troll
  7213 | D:8      | 7213 ||| Stepping ~*~*~tactically~*~*~ (outnumbered).
  7214 | D:8      | 7214 ||| Stepping ~*~*~tactically~*~*~ (outnumbered).
  7215 | D:8      | 7215 ||| Stepping ~*~*~tactically~*~*~ (outnumbered).
  7232 | D:8      | 7232 ||| FLEEEEING.
  7243 | D:8      | Found a staircase to the Lair.
  7258 | D:8      | Reached XP level 10. HP: 42/96 MP: 10/10
  7377 | D:8      | 7377 ||| Stepping ~*~*~tactically~*~*~ (hiding).
  7379 | D:8      | 7379 ||| Stepping ~*~*~tactically~*~*~ (hiding).
  7500 | D:8      | Found a blossoming altar of Fedhas.
  7529 | D:8      | Reached skill level 13 in Unarmed Combat
  7556 | D:8      | 7556 ||| Stepping ~*~*~tactically~*~*~ (stealth).
  7558 | D:8      | Noticed Grum
  7559 | D:8      | 7559 ||| Stepping ~*~*~tactically~*~*~ (hiding).
  7564 | D:8      | 7564 ||| INVOKING Fiery Armour.
  7576 | D:8      | Killed Grum
  7611 | D:8      | 7611 ||| Stepping ~*~*~tactically~*~*~ (hiding).
  7633 | D:8      | 7633 ||| Stepping ~*~*~tactically~*~*~ (stealth).
  7634 | D:8      | 7634 ||| Stepping ~*~*~tactically~*~*~ (stealth).
  7669 | D:8      | 7669 ||| Stepping ~*~*~tactically~*~*~ (hiding).
  7691 | D:8      | 7691 ||| Stepping ~*~*~tactically~*~*~ (stealth).
  7695 | D:8      | 7695 ||| Stepping ~*~*~tactically~*~*~ (hiding).
  7734 | D:8      | 7734 ||| FLEEEEING.
  7738 | D:8      | 7738 ||| FLEEEEING.
  7739 | D:8      | 7739 ||| FLEEEEING.
  7962 | D:8      | 7962 ||| PLANNING LAIR
  7962 | D:8      | 7962 ||| DROPPING ring of flight.
  7963 | D:8      | 7963 ||| DROPPING ring of wizardry.
  7964 | D:8      | 7964 ||| READING 2 scrolls labelled BESTRE MUESHUEZ.
  8016 | Lair:1   | Entered Level 1 of the Lair of Beasts
  8052 | Lair:1   | 8052 ||| INVOKING Fiery Armour.
  8052 | Lair:1   | Noticed a five-headed hydra
  8054 | Lair:1   | Noticed Fannar
  8057 | Lair:1   | Noticed a torpor snail
  8058 | Lair:1   | 8058 ||| Stepping ~*~*~tactically~*~*~ (outnumbered).
  8059 | Lair:1   | 8059 ||| Stepping ~*~*~tactically~*~*~ (outnumbered).
  8060 | Lair:1   | Reached skill level 14 in Unarmed Combat
  8060 | Lair:1   | Noticed a cane toad
  8062 | Lair:1   | 8062 ||| Stepping ~*~*~tactically~*~*~ (outnumbered).
  8067 | Lair:1   | Killed an eight-headed hydra
  8068 | Lair:1   | Reached skill level 6 in Fighting
  8069 | Lair:1   | 8069 ||| Stepping ~*~*~tactically~*~*~ (outnumbered).
  8071 | Lair:1   | Killed a cane toad
  8079 | Lair:1   | Noticed a seven-headed hydra
  8080 | Lair:1   | Reached skill level 6 in Throwing
  8081 | Lair:1   | 8081 ||| Stepping ~*~*~tactically~*~*~ (outnumbered).
  8084 | Lair:1   | Killed a nine-headed hydra
  8085 | Lair:1   | Reached XP level 11. HP: 38/105 MP: 11/11
  8089 | Lair:1   | 8089 ||| Stepping ~*~*~tactically~*~*~ (hiding).
  8091 | Lair:1   | 8091 ||| Stepping ~*~*~tactically~*~*~ (outnumbered).
  8092 | Lair:1   | 8092 ||| Stepping ~*~*~tactically~*~*~ (outnumbered).
  8110 | Lair:1   | Killed Fannar
  8116 | Lair:1   | Reached skill level 15 in Unarmed Combat
  8182 | Lair:1   | 8182 ||| Stepping ~*~*~tactically~*~*~ (stealth).
  8192 | Lair:1   | 8192 ||| Stepping ~*~*~tactically~*~*~ (stealth).
  8203 | Lair:1   | 8203 ||| Stepping ~*~*~tactically~*~*~ (stealth).
  8204 | Lair:1   | 8204 ||| Stepping ~*~*~tactically~*~*~ (stealth).
  8826 | Lair:2   | Noticed a seven-headed hydra
  8827 | Lair:2   | 8827 ||| INVOKING Fiery Armour.
  8831 | Lair:2   | Killed a nine-headed hydra
  8920 | Lair:2   | Noticed a four-headed hydra
  8933 | Lair:2   | Killed an eight-headed hydra
  8934 | Lair:2   | Reached skill level 16 in Unarmed Combat
  8960 | Lair:2   | You fall into a shaft and drop 1 floor!
  9012 | Lair:3   | 9012 ||| READING 11 scrolls of identify.
  9012 | Lair:3   | 9012 ||| IDENTIFYING bubbling pink potion
  9013 | Lair:3   | 9013 ||| DROPPING potion of degeneration.
  9069 | Lair:2   | 9069 ||| Stepping ~*~*~tactically~*~*~ (stealth).
  9070 | Lair:2   | 9070 ||| Stepping ~*~*~tactically~*~*~ (stealth).
  9252 | Lair:2   | Found a hole to the Spider Nest.
  9252 | Lair:2   | Noticed an orb spider
  9253 | Lair:2   | 9253 ||| INVOKING Fiery Armour.
  9255 | Lair:2   | 9255 ||| READING scroll labelled MUTOIRR PADEOF.
  9256 | Lair:2   | 9256 ||| READING 2 scrolls of teleportation.
  9257 | Lair:2   | 9257 ||| FLEEEEING.
  9258 | Lair:2   | 9258 ||| FLEEEEING.
  9259 | Lair:2   | 9259 ||| FLEEEEING.
  9433 | Lair:2   | 9433 ||| INVOKING Fiery Armour.
  9434 | Lair:2   | 9434 ||| READING scroll of teleportation.
  9435 | Lair:2   | 9435 ||| FLEEEEING.
  9436 | Lair:2   | 9436 ||| FLEEEEING.
  9473 | Lair:2   | 9473 ||| Stepping randomly (stuck).
  9474 | Lair:2   | 9474 ||| Stepping randomly (stuck).
  9476 | Lair:2   | 9476 ||| Stepping randomly (stuck).
  9481 | Lair:2   | 9481 ||| FLEEEEING.
  9482 | Lair:2   | 9482 ||| FLEEEEING.
  9483 | Lair:2   | 9483 ||| FLEEEEING.
  9484 | Lair:2   | 9484 ||| FLEEEEING.
  9486 | Lair:2   | 9486 ||| FLEEEEING.
  9492 | Lair:2   | 9492 ||| Stepping randomly (stuck).
  9493 | Lair:2   | 9493 ||| Stepping randomly (stuck).
  9496 | Lair:2   | 9496 ||| Stepping randomly (stuck).
  9497 | Lair:2   | 9497 ||| Stepping randomly (stuck).
  9498 | Lair:2   | 9498 ||| FLEEEEING.
  9499 | Lair:2   | 9499 ||| FLEEEEING.
  9500 | Lair:2   | 9500 ||| FLEEEEING.
  9501 | Lair:2   | 9501 ||| FLEEEEING.
  9502 | Lair:2   | 9502 ||| FLEEEEING.
  9521 | Lair:2   | 9521 ||| Stepping randomly (stuck).
  9526 | Lair:2   | 9526 ||| Stepping randomly (stuck).
  9528 | Lair:2   | 9528 ||| FLEEEEING.
  9529 | Lair:2   | 9529 ||| FLEEEEING.
  9530 | Lair:2   | 9530 ||| FLEEEEING.
  9531 | Lair:2   | 9531 ||| FLEEEEING.
  9532 | Lair:2   | 9532 ||| FLEEEEING.
  9533 | Lair:2   | 9533 ||| FLEEEEING.
  9534 | Lair:2   | 9534 ||| FLEEEEING.
  9535 | Lair:2   | 9535 ||| FLEEEEING.
  9553 | Lair:2   | 9553 ||| Stepping randomly (stuck).
  9554 | Lair:2   | 9554 ||| Stepping randomly (stuck).
  9555 | Lair:2   | 9555 ||| FLEEEEING.
  9556 | Lair:2   | 9556 ||| FLEEEEING.
  9557 | Lair:2   | 9557 ||| FLEEEEING.
  9558 | Lair:2   | 9558 ||| FLEEEEING.
  9559 | Lair:2   | 9559 ||| FLEEEEING.
  9581 | Lair:2   | 9581 ||| Stepping randomly (stuck).
  9582 | Lair:2   | 9582 ||| FLEEEEING.
  9583 | Lair:2   | 9583 ||| FLEEEEING.
  9584 | Lair:2   | 9584 ||| FLEEEEING.
  9585 | Lair:2   | 9585 ||| FLEEEEING.
  9586 | Lair:2   | 9586 ||| FLEEEEING.
  9602 | Lair:2   | 9602 ||| Stepping randomly (stuck).
  9603 | Lair:2   | 9603 ||| Stepping randomly (stuck).
  9604 | Lair:2   | 9604 ||| Stepping randomly (stuck).
  9605 | Lair:2   | 9605 ||| FLEEEEING.
  9606 | Lair:2   | 9606 ||| FLEEEEING.
  9607 | Lair:2   | 9607 ||| FLEEEEING.
  9608 | Lair:2   | 9608 ||| FLEEEEING.
  9631 | Lair:2   | 9631 ||| Stepping randomly (stuck).
  9632 | Lair:2   | 9632 ||| Stepping randomly (stuck).
  9633 | Lair:2   | 9633 ||| FLEEEEING.
  9634 | Lair:2   | 9634 ||| FLEEEEING.
  9635 | Lair:2   | 9635 ||| FLEEEEING.
  9636 | Lair:2   | 9636 ||| FLEEEEING.
  9637 | Lair:2   | 9637 ||| FLEEEEING.
  9660 | Lair:2   | 9660 ||| Stepping randomly (stuck).
  9671 | Lair:2   | Killed an orb spider
  9736 | Lair:2   | 9736 ||| PLANNING CONVERSION TO OKAWARU
  9846 | D:5      | Fell from the grace of Ignis
  9846 | D:5      | Became a worshipper of Warmaster Okawaru
  9847 | D:5      | 9847 ||| PLANNING LAIR
  9953 | Lair:3   | Noticed Nergalle
  9954 | Lair:3   | 9954 ||| STAIRDANCE
  9974 | Lair:3   | 9974 ||| STAIRDANCE
 10007 | Lair:3   | 10007 ||| STAIRDANCE
 10023 | Lair:3   | 10023 ||| STAIRDANCE
 10030 | Lair:2   | 10030 ||| Stepping ~*~*~tactically~*~*~ (outnumbered).
 10031 | Lair:2   | 10031 ||| Stepping ~*~*~tactically~*~*~ (outnumbered).
 10032 | Lair:2   | 10032 ||| Stepping ~*~*~tactically~*~*~ (outnumbered).
 10033 | Lair:2   | 10033 ||| Stepping ~*~*~tactically~*~*~ (outnumbered).
 10034 | Lair:2   | 10034 ||| Stepping ~*~*~tactically~*~*~ (outnumbered).
 10035 | Lair:2   | 10035 ||| Stepping ~*~*~tactically~*~*~ (outnumbered).
 10044 | Lair:2   | Killed Nergalle
 10044 | Lair:2   | Reached * piety under Okawaru
 10045 | Lair:2   | Reached XP level 12. HP: 108/118 MP: 12/12
 10055 | Lair:3   | 10055 ||| STAIRDANCE
 10128 | Lair:3   | Noticed a death yak
 10129 | Lair:3   | 10129 ||| INVOKING Heroism.
 10132 | Lair:3   | Noticed a death yak
 10133 | Lair:3   | Noticed a death yak
 10136 | Lair:3   | Killed a death yak
 10136 | Lair:3   | Noticed a death yak
 10137 | Lair:3   | Reached skill level 1 in Invocations
 10143 | Lair:3   | 10143 ||| Stepping ~*~*~tactically~*~*~ (outnumbered).
 10144 | Lair:3   | Killed a death yak
 10144 | Lair:3   | Reached ** piety under Okawaru
 10145 | Lair:3   | 10145 ||| FLEEEEING.
 10146 | Lair:3   | 10146 ||| FLEEEEING.
 10147 | Lair:3   | 10147 ||| FLEEEEING.
 10148 | Lair:3   | 10148 ||| FLEEEEING.
 10149 | Lair:3   | 10149 ||| FLEEEEING.
 10150 | Lair:3   | 10150 ||| INVOKING Heroism.
 10153 | Lair:3   | 10153 ||| Stepping ~*~*~tactically~*~*~ (outnumbered).
 10157 | Lair:3   | 10157 ||| Stepping ~*~*~tactically~*~*~ (outnumbered).
 10158 | Lair:3   | 10158 ||| Stepping ~*~*~tactically~*~*~ (outnumbered).
 10161 | Lair:3   | 10161 ||| Stepping ~*~*~tactically~*~*~ (outnumbered).
 10162 | Lair:3   | Killed a death yak
 10167 | Lair:3   | Killed a death yak
 10168 | Lair:3   | Reached skill level 3 in Invocations
 10423 | Lair:3   | 10423 ||| INVOKING Heroism.
 10511 | Lair:3   | 10511 ||| INVOKING Heroism.
 10572 | Lair:3   | Found a staircase to the Shoals.
 10574 | Lair:3   | 10574 ||| INVOKING Heroism.
 10580 | Lair:3   | Reached *** piety under Okawaru
 10670 | Lair:3   | 10670 ||| DROPPING amulet of magic regeneration.
 10671 | Lair:3   | 10671 ||| READING scroll labelled PYVAOTZ WYOHUE.
 10672 | Lair:3   | 10672 ||| DROPPING scroll of blinking.
 10739 | Lair:4   | Noticed a boulder beetle
 10740 | Lair:4   | 10740 ||| INVOKING Heroism.
 10750 | Lair:4   | Killed a boulder beetle
 10804 | Lair:4   | 10804 ||| INVOKING Heroism.
 10859 | Lair:4   | 10859 ||| INVOKING Heroism.
 10872 | Lair:4   | Reached skill level 17 in Unarmed Combat
 11180 | Lair:4   | 11180 ||| Stepping ~*~*~tactically~*~*~ (outnumbered).
 11185 | Lair:4   | 11185 ||| INVOKING Heroism.
 11270 | Lair:4   | 11270 ||| Stepping ~*~*~tactically~*~*~ (outnumbered).
 11276 | Lair:4   | 11276 ||| INVOKING Heroism.
 11300 | Lair:5   | Entered Level 5 of the Lair of Beasts
 11301 | Lair:5   | 11301 ||| INVOKING Heroism.
 11302 | Lair:5   | 11302 ||| STAIRDANCE
 11318 | Lair:5   | 11318 ||| STAIRDANCE
 11320 | Lair:4   | 11320 ||| Stepping ~*~*~tactically~*~*~ (outnumbered).
 11336 | Lair:4   | 11336 ||| INVOKING Heroism.
 11359 | Lair:5   | 11359 ||| Stepping ~*~*~tactically~*~*~ (outnumbered).
 11360 | Lair:5   | 11360 ||| Stepping ~*~*~tactically~*~*~ (outnumbered).
 11361 | Lair:5   | 11361 ||| Stepping ~*~*~tactically~*~*~ (outnumbered).
 11362 | Lair:5   | 11362 ||| Stepping ~*~*~tactically~*~*~ (outnumbered).
 11363 | Lair:5   | 11363 ||| Stepping ~*~*~tactically~*~*~ (outnumbered).
 11364 | Lair:5   | 11364 ||| INVOKING Heroism.
 11365 | Lair:5   | 11365 ||| Stepping ~*~*~tactically~*~*~ (outnumbered).
 11366 | Lair:5   | 11366 ||| Stepping ~*~*~tactically~*~*~ (outnumbered).
 11367 | Lair:5   | 11367 ||| Stepping ~*~*~tactically~*~*~ (outnumbered).
 11368 | Lair:5   | 11368 ||| Stepping ~*~*~tactically~*~*~ (outnumbered).
 11369 | Lair:5   | 11369 ||| Stepping ~*~*~tactically~*~*~ (outnumbered).
 11370 | Lair:5   | 11370 ||| Stepping ~*~*~tactically~*~*~ (outnumbered).
 11371 | Lair:5   | 11371 ||| Stepping ~*~*~tactically~*~*~ (outnumbered).
 11373 | Lair:5   | 11373 ||| Stepping ~*~*~tactically~*~*~ (outnumbered).
 11374 | Lair:5   | 11374 ||| DRINKING 3 potions of cancellation.
 11379 | Lair:5   | HP: 28/118 [basilisk (5)]
 11381 | Lair:5   | HP: 13/118 [yak (3)]
 11382 | Lair:5   | Slain by a yak

Levels and vault maps discovered:
D:1:      eino_arrival_water_cross, layout_loops_corners, serial_shops, shop,
          chequers_serial_rivers_micro_d
D:2:      minmay_roachtagon, layout_basic, serial_co_window_serial,
          co_window_cross_1, co_window_corner_a, co_window_corner_a,
          co_window_corner_a, co_window_paths_a, co_window_broadway_c,
          co_window_cross_4, co_window_2corner, glass_columns_a,
          minmay_hexomino_u4
D:3:      layout_basic, grunt_qazlal_sundering, nemelex_dance_club_becter,
          minmay_joined_circles, uniq_natasha, uniq_sigmund, uniq_ijyb,
          uniq_pargi
D:4:      layout_layer_cave, good_gods_mini_temple, serial_undead,
          serial_undead_e, serial_undead_c, serial_undead_f, serial_undead_b,
          serial_undead_c, serial_undead_a, serial_undead_b,
          nicolae_shop_fire_sale [nicolae_sub_dead_trees], serial_park_tiny_pond
D:5:      layout_basic, grunt_gozag_breadcrumbs, okawaru_trees_2, serial_shops,
          shop, nicolae_shop_crystal, chequers_hall_statues_wall_a,
          uniq_eustachio
D:6:      layout_loops_ring, mainiacjoe_overflow_six_doors_small,
          temple_statues, minmay_door_square, kennysheep_generic_room_13,
          uniq_grinder
D:7:      layout_loops_cross, overflow_temple_1_default, kennysheep_slug_shrine,
          minmay_fractal_squares_diagonal_5
D:8:      layout_basic, kennysheep_little_box, erik_lair_island, uniq_grum
Lair:1:   layout_regular_city, serial_bayou_shore_b, uniq_fannar
Lair:2:   layout_chaotic_city, nicolae_spider_entry_orb_guardian
Lair:3:   layout_loops_ring, elwin_shoals_entry_rooms, uniq_nergalle
Lair:4:   layout_roguey, serial_bayou_pond_d, nicolae_quartered_pool_little,
          lemuel_fruit_fields
Lair:5:   minmay_lair_end_frog_pond, layout_gridlike, dpeg_slime_entry_corner

Skill      XL: |  1  2  3  4  5  6  7  8  9 10 11 12 |
---------------+-------------------------------------+-----
Unarmed Combat | 4 5 6 8 9 10 12 14 16 17 | 17.3
Fighting       | 3 4 5 6 7 |  7.1
Dodging        | 1 2 |  2.6
Throwing       | 3 4 6 7 |  7.0
Invocations    | 4 |  4.0
Spellcasting   | |  1.0
Fire Magic     | |  2.1

Action                   |  1- 3 |  4- 6 |  7- 9 | 10-12 || total
-------------------------+-------+-------+-------+-------++-------
Melee: Unarmed           |   142 |    80 |   324 |   305 ||   851
       Punch             |     1 |     4 |     7 |    28 ||    40
Throw: Boomerang         |    10 |    19 |    41 |     1 ||    71
       Large rock        |       |       |    29 |    52 ||    81
Invok: Fiery Armour      |     1 |     2 |     5 |     5 ||    13
       Heroism           |       |       |       |    13 ||    13
  Use: Scroll            |     3 |     7 |    12 |     6 ||    28
       Potion            |       |     2 |     5 |     1 ||     8
Armor: Robe              |    67 |    25 |   100 |    98 ||   290
Dodge: Dodged            |    68 |    26 |   113 |   132 ||   339

Table legend:
 A = Non-vault XP
 B = Vault XP
 C = Vault XP percentage of total XP
 D = Non-vault monster count
 E = Vault monster count
 F = Vault count percentage of total count
                 A         B        C        D         E       F
            +---------+---------+-------+---------+---------+-------
      Total |   26048 |    6081 |  18.9 |     221 |      63 |  22.2
            +---------+---------+-------+---------+---------+-------
        D:1 |      45 |       0 |   0.0 |      28 |       0 |   0.0
        D:2 |      28 |      27 |  49.1 |      14 |      14 |  50.0
        D:3 |     100 |     685 |  87.3 |      20 |      18 |  47.4
        D:4 |     234 |     221 |  48.6 |      16 |       6 |  27.3
        D:5 |     843 |     202 |  19.3 |      20 |       1 |   4.8
        D:6 |     448 |     290 |  39.3 |       8 |       1 |  11.1
        D:7 |     513 |     807 |  61.1 |      21 |       9 |  30.0
        D:8 |    2602 |    1155 |  30.7 |      30 |      10 |  25.0
     Lair:1 |    6116 |     857 |  12.3 |      19 |       1 |   5.0
     Lair:2 |    5729 |    1516 |  20.9 |      15 |       2 |  11.8
     Lair:3 |    5908 |     321 |   5.2 |      15 |       1 |   6.2
     Lair:4 |    3482 |       0 |   0.0 |      15 |       0 |   0.0
            +---------+---------+-------+---------+---------+-------
